 Dungeon Crawl Stone Soup version 0.21-a0-471-gd587bd5 (webtiles) character file.

60 theanonym the Sneak (level 3, -2/18 HPs)
             Began as a Spriggan Assassin on Nov 21, 2017.
             Killed from afar by an orc wizard (3 damage)
             ... with a magic dart
             ... on level 3 of the Dungeon.
             The game lasted 00:04:04 (1943 turns).

theanonym the Sneak (Spriggan Assassin)             Turns: 1943, Time: 00:04:05

Health: -2/18      AC:  3    Str:  7    XL:     3   Next: 80%
Magic:  13/13      EV: 17    Int: 12    God:
Gold:   139        SH:  0    Dex: 18    Spells: 2/2 levels left

rFire    . . .     SeeInvis +   a - +2 dagger
rCold    . . .     Gourm    .   (shield restricted)
rNeg     . . .     Faith    .   c - +0 robe
rPois    .         Spirit   .   (helmet restricted)
rElec    .         Reflect  .   d - +0 cloak
rCorr    .         Harm     .   (gloves unavailable)
MR       .....                  (boots unavailable)
Stlth    ++++......             (no amulet)
HPRegen  0.06/turn              i - ring of magical power {MP+9}
MPRegen  0.13/turn              (no ring)

@: lethally poisoned (-2 -> -16), about to teleport, slowed, quick
A: unfitting armour, see invisible, herbivore 3, speed 3, slow metabolism 2
a: no special abilities


Innate Abilities, Weirdness & Mutations

You are very small and have problems with some larger weapons.
You are too small for most types of armour.
You have supernaturally acute eyesight. (SInv)
You are a herbivore.
You cover ground extremely quickly.
You need consume almost no food.


   Skills:
 - Level 1.5 Fighting
 + Level 3.6 Short Blades
 - Level 2.0 Throwing
 - Level 1.5 Dodging
 + Level 7.2 Stealth


You had 2 spell levels left.
You didn't know any spells.

Skill      XL: |  1  2  3 |
---------------+----------+-----
Stealth        | 6 7 |  7.2
Short Blades   | 3 |  3.6
Fighting       | |  1.5
Throwing       | |  2.0
Dodging        | |  1.5

Action                   || total
-------------------------++-------
Melee: Dagger            ||   144
  Use: Potion            ||     5
       Scroll            ||     3
 Stab: Sleeping          ||    19
       Distracted        ||     3
Armor: Robe              ||    14
Dodge: Dodged            ||    81

Inventory:

Hand Weapons
 a - a +2 dagger (weapon)
 b - a +0 blowgun
Missiles
 e - 8 poisoned needles
 f - 2 curare-tipped needles
Armour
 c - a +0 robe (worn)
 d - a +0 cloak (worn)
Jewellery
 i - a ring of magical power (left hand) {MP+9}
   (You found it on level 1 of the Dungeon)
Scrolls
 j - 3 scrolls of identify {unknown}
 k - a scroll of enchant armour {unknown}
 l - a scroll of remove curse {unknown}
 m - a scroll of random uselessness
 p - a scroll of fear {unknown}
 t - 3 scrolls of teleportation {!r}
Potions
 r - a potion of magic
Comestibles
 g - a bread ration

Dungeon Overview and Level Annotations

Branches:
Dungeon (3/15)

Altars:

Annotations:
D:2 Terence


You were on level 3 of the Dungeon.
You were not hungry.

You visited 1 branch of the dungeon, and saw 3 of its levels.

You collected 139 gold pieces.


Message History

A goblin comes into view. It is wielding a club.
The orc hits you but does no damage.
You see here a mace.
The goblin shouts!
You hit the orc. You hit the orc wizard. You closely miss the orc wizard.
You barely miss the orc wizard.
The orc wizard casts a spell.
The orc wizard seems to speed up.
It was a potion of heal wounds.
You feel much better.
q - a potion of heal wounds;
n - a gluggy blue potion The orc wizard hits you with a dagger.
The orc wizard completely misses you.
You regained 3 hp, and now have 15/18 hp.
You barely miss the orc wizard.
The orc wizard hits you but does no damage.
You hit the orc wizard.
The orc wizard hits you but does no damage.
An ooze comes into view.
You closely miss the orc wizard.
The orc wizard hits you but does no damage.
The ooze quivers.
You hit the orc wizard. The orc wizard closely misses you.
The orc wizard hits you with a dagger.
You take 3 damage, and have 12/18 hp.
You completely miss the orc wizard. The orc wizard misses you.
You barely miss the orc wizard.
The orc wizard gestures at you while chanting.
The magic dart hits you!
* * * LOW HITPOINT WARNING * * *
You take 8 damage, and have 4/18 hp.
MASSIVE DAMAGE!!
You hit the orc wizard. The orc wizard misses you.
You feel much better.
The orc wizard hits you but does no damage. x2
Health restored: 18 You hit the orc wizard.
The orc wizard barely misses you.
It was a potion of magic.
Magic courses through your body.
The orc wizard gestures wildly while chanting.
The orc wizard blinks!
You barely miss the orc. The orc wizard misses you. The orc barely misses you.
The orc wizard hits you but does no damage.
You hit the orc. The orc hits you with a whip of venom.
You are poisoned.
The orc wizard hits you but does no damage.
You take 1 damage, and have 17/18 hp.
You hit the orc wizard but do no damage.
You feel sick. The orc wizard completely misses you. The orc misses you.
You hit the orc wizard but do no damage.
The orc wizard hits you with a dagger. The orc misses you.
You take 2 damage, and have 15/18 hp.
You closely miss the orc wizard.
The orc wizard hits you but does no damage.
It was a potion of ambrosia.
You are confused.
You feel invigorated.
You feel sick.
The orc wizard gestures at you while chanting.
The magic dart hits you! The orc hits you with a whip of venom.
* * * LOW HITPOINT WARNING * * *
You are lethally poisoned!
The orc wizard hits you with a dagger.
* * * LOW HITPOINT WARNING * * *
You take 12 damage, and have 3/18 hp.
MASSIVE DAMAGE!!
Unknown command.
Unknown command.
Unknown command.
It was a potion of curing.
You feel better.
You feel less invigorated.
The orc wizard hits you but does no damage.
The orc closely misses you.
You regained 11 hp, and now have 14/18 hp.
You hit the orc wizard. The orc wizard hits you with a dagger.
The orc hits you with a whip of venom. The orc wizard casts a spell at you.
You feel yourself slow down.
You take 2 damage, and have 12/18 hp.
You hit the orc wizard. The orc wizard closely misses you. The orc misses you.
The orc wizard gestures at you while chanting.
You resist with some effort.
You hit the orc wizard but do no damage.
The orc hits you with a whip of venom.
* * * LOW HITPOINT WARNING * * *
You are lethally poisoned!
The orc wizard gestures wildly while chanting.
The orc wizard blinks!
The orc closely misses you.
You take 6 damage, and have 6/18 hp.
MASSIVE DAMAGE!!
As you read the scroll labeled YCEGEK WUUBU, it crumbles to dust.
Your +2 dagger glows shining mauve for a moment.
It was a scroll of random uselessness.
* * * LOW HITPOINT WARNING * * *
You feel sick. The orc hits you but does no damage.
You take 1 damage, and have 5/18 hp.
Really read
t - 4 scrolls of teleportation {!r}?
As you read the scroll of teleportation {!r}, it crumbles to dust.
You feel strangely unstable.
* * * LOW HITPOINT WARNING * * *
You feel sick. The orc hits you with a whip of venom.
* * * LOW HITPOINT WARNING * * *
You are more poisoned.
The orc wizard gestures at you while chanting.
The magic dart hits you!
You die...

#...#........# #.#
#.#)###. #.#......§..#
#.# #.#.# ##
#...#.o....####.####.#.#
#
#..#)................#.#
# #...#..######.######.#
#..#..o# #.....# ..#
###....# #.#.#.# ###
#...#.?o####.<...#
#....[#Jgo@..o.####
#........######....# #
.#.....#...........#.#
..#...#...###......#.#
...###....#
#.#......##### ..
#%..###.#......$....
.#.....†......######
....###.#.#...# ..
#.#....##


You could see an orc wizard, an ooze, 2 orcs and a goblin.

Notes
Turn   | Place    | Note
-------+----------+-------------------------------------------
     0 | D:1      | theanonym the Spriggan Assassin began the quest for the Orb.
     0 | D:1      | Reached XP level 1. HP: 10/10 MP: 2/2
    21 | D:1      | Reached skill level 6 in Stealth
   224 | D:1      | Reached XP level 2. HP: 14/14 MP: 3/3
   493 | D:1      | Reached skill level 3 in Short Blades
   831 | D:2      | Reached XP level 3. HP: 18/18 MP: 4/4
  1223 | D:2      | Noticed Terence
  1347 | D:2      | Reached skill level 7 in Stealth
  1927 | D:3      | HP: 4/18 [orc wizard/magic dart (8)]
  1937 | D:3      | HP: 7/18 [orc/whip of venom (3)]
  1937 | D:3      | HP: 3/18 [orc wizard/dagger (4)]
  1942 | D:3      | HP: 5/18 [poisoned by an orc]
  1943 | D:3      | HP: 1/18 [orc/whip of venom (3)]
  1943 | D:3      | Killed from afar by an orc wizard

Vanquished Creatures
  4 dart slugs
  A leopard gecko (D:2)
  2 orcs (D:3)
  2 ball pythons
  2 giant cockroaches (D:1)
  6 goblins
  6 hobgoblins
  4 jackals (D:2)
  8 bats
  3 frilled lizards
  4 kobolds
  2 rats
44 creatures vanquished.
